 Dungeon Crawl Stone Soup version 0.23.2-33-g5129a83184 (webtiles) character file.

Game seed: 14531881047764968314

667 H0rd4k the Thaumaturge (level 7, -1/36 HPs)
             Began as a Deep Elf Wizard on July 14, 2019.
             Was an Initiate of Sif Muna.
             Shot with an arrow by a centaur (14 damage)
             ... on level 5 of the Dungeon.
             The game lasted 00:11:34 (4726 turns).

H0rd4k the Thaumaturge (Deep Elf Wizard)            Turns: 4726, Time: 00:11:35

Health: -1/36      AC:  5    Str:  4    XL:     7   Next: 31%
Magic:  0/21       EV: 13    Int: 25    God:    Sif Muna [......]
Gold:   243        SH:  0    Dex: 13    Spells: 17/23 levels left

rFire    . . .     SeeInvis .   (no weapon)
rCold    . . .     Gourm    .   (no shield)
rNeg     . . .     Faith    .   a - +0 robe
rPois    .         Spirit   +   b - +0 hat
rElec    .         Reflect  .   (no cloak)
rCorr    .         Harm     .   n - +2 pair of gloves
MR       .....                  (no boots)
Stlth    ++........             g - amulet of guardian spirit
HPRegen  0.12/turn              (no ring)
MPRegen  0.17/turn              (no ring)

@: very slightly contaminated
A: no striking features
a: Renounce Religion


You were on level 5 of the Dungeon.
You worshipped Sif Muna.
Sif Muna was noncommittal.
You were hungry.

You visited 2 branches of the dungeon, and saw 6 of its levels.

You collected 243 gold pieces.

Inventory:

Armour
 a - a +0 robe (worn)
 b - a +0 hat (worn)
 n - a +2 pair of gloves (worn)
Jewellery
 e - an uncursed amulet of the gourmand {unknown}
 g - an amulet of guardian spirit (around neck)
Scrolls
 c - 3 scrolls of remove curse
 m - 6 scrolls of immolation
 o - a scroll of enchant weapon
 q - 2 scrolls of fog
 t - a scroll of identify
Potions
 h - 2 potions of lignification
 i - 3 potions of curing
 k - a potion of brilliance {unknown}
 u - a potion of resistance {unknown}
Comestibles
 d - 7 rations


   Skills:
 - Level 0.3 Fighting
 + Level 3.3 Dodging
 + Level 3.2 Stealth
 * Level 8.8 Spellcasting
 + Level 4.6 Conjurations
   Level 1.1 Summonings
 + Level 1.1 Translocations
 * Level 2.1 Fire Magic


You had 17 spell levels left.
You knew the following spells:

 Your Spells              Type           Power        Failure   Level  Hunger
a - Magic Dart            Conj           ####         1%          1    None
b - Blink                 Tloc           N/A          5%          2    None
c - Conjure Flame         Conj/Fire      ####....     4%          3    None

Your spell library contained the following spells:

 Spells                   Type           Power        Failure   Level  Hunger
 Call Imp                 Summ           ###.....     5%          2    None
 Slow                     Hex            ##......     9%          2    None
 Mephitic Cloud           Conj/Pois/Air  ###.....     9%          3    None


Dungeon Overview and Level Annotations

Branches:
Dungeon (5/15)             Temple (1/1) D:5

Altars:
Ashenzari
Cheibriados
Dithmenos
Elyvilon
Fedhas
Gozag
Hepliaklqana
Kikubaaqudgha
Makhleb
Nemelex Xobeh
Okawaru
Qazlal
Ru
Sif Muna
Trog
Uskayaw
Vehumet
Wu Jian
Xom
Yredelemnul
Zin
The Shining One

Annotations:
D:1 exclusion: downstairs
D:5 exclusion: centaur, Menkaure


Message History

You feel strangely unstable.
It was a scroll of teleportation.
The centaur shoots an arrow.
The arrow closely misses you.
Your surroundings suddenly seem different.
The centaur shoots an arrow.
The arrow hits you!
You see here an arrow.
Menkaure sighs, "It doesn't hurt if you pull your brain out of your nose yourself."
Menkaure calls on the powers of darkness!
Your body is wracked with pain!
The centaur convulses!
The centaur shoots an arrow.
The arrow barely misses you.
The centaur shoots an arrow.
The arrow barely misses you.
You see here an arrow.
The centaur shoots an arrow.
The arrow hits you!
* * * LOW HITPOINT WARNING * * *
You see here an arrow.
Menkaure points at you and mumbles some strange words.
Pain shoots through your body!
* * * LOW HITPOINT WARNING * * *
You feel better.
The centaur shoots an arrow.
The arrow hits you!
You die...

....# *≈* *#..#..#
....#
****≈**#≈≈.##.#
....#
##*,≈≈≈*.≈≈.#*#.#
....#
#.≈≈,,*.≈≈#.,*#.##
*****
#.*≈≈**###*.#*#..#
#.**≈≈≈***,.# ##.##
#.****≈≈≈*#.## #..#
#.#########.≈####.#
#.@...(M...≈≈..##.#
#######(c...≈..##(#
#............
#........###.
#........# #.
#....($..# ##
#........# *
**#........# *
#..........#


You could see Menkaure and a centaur.

Vanquished Creatures
  An ice beast (D:5)
  An ogre (D:5)
  A centaur (D:5)
  A scorpion (D:4)
  2 howler monkeys
  A hound (D:5)
  A bullfrog skeleton (D:4)
  An iguana (D:5)
  A worker ant (D:4)
  7 adders
  A howler monkey skeleton (D:5)
  2 oozes (D:5)
  3 dart slugs
  4 leopard geckos
  5 orcs
  4 giant cockroaches
  4 goblins
  11 hobgoblins
  4 jackals (D:5)
  11 kobolds
  A quokka (D:5)
  3 ball pythons
  4 bats
  5 frilled lizards
  A leopard gecko skeleton (D:5)
  A leopard gecko zombie (D:5)
  12 rats
93 creatures vanquished.

Notes
Turn   | Place    | Note
-------+----------+-------------------------------------------
     0 | D:1      | H0rd4k the Deep Elf Wizard began the quest for the Orb.
     0 | D:1      | Reached XP level 1. HP: 10/10 MP: 7/7
   341 | D:1      | Reached XP level 2. HP: 15/15 MP: 1/9
   422 | D:1      | Reached skill level 5 in Spellcasting
   843 | D:1      | Found a shattered altar of Ashenzari.
  1089 | D:2      | Found a sacrificial altar of Ru.
  1164 | D:2      | Reached XP level 3. HP: 18/19 MP: 1/11
  1503 | D:2      | Reached skill level 6 in Spellcasting
  1678 | D:3      | Reached XP level 4. HP: 17/24 MP: 5/14
  2524 | D:3      | Reached XP level 5. HP: 28/28 MP: 9/15
  3005 | D:4      | Learned a level 2 spell: Blink
  3009 | D:4      | Learned a level 3 spell: Conjure Flame
  3152 | D:4      | Reached skill level 7 in Spellcasting
  3193 | D:4      | Reached XP level 6. HP: 32/32 MP: 5/18
  3234 | D:5      | Entered Level 5 of the Dungeon
  3457 | D:5      | Found a staircase to the Ecumenical Temple.
  3468 | Temple   | Entered the Ecumenical Temple
  3662 | Temple   | Became a worshipper of Sif Muna the Loreminder
  3923 | D:5      | Reached skill level 1 in Fire Magic
  4239 | D:5      | Reached skill level 8 in Spellcasting
  4261 | D:5      | Found a sparkling altar of Nemelex Xobeh.
  4275 | D:5      | Reached XP level 7. HP: 36/36 MP: 7/20
  4711 | D:5      | Noticed Menkaure
  4726 | D:5      | Shot with an arrow by a centaur

Skill      XL: |  1  2  3  4  5  6  7 |
---------------+----------------------+-----
Spellcasting   | 5 6 7 8 |  8.8
Conjurations   | 2 3 4 |  4.6
Dodging        | 3 |  3.3
Stealth        | 3 |  3.2
Fire Magic     | 1 2 |  2.1
Fighting       | |  0.3
Summonings     | |  1.1
Translocations | |  1.1

Action                   |  1- 3 |  4- 6 |  7- 9 || total
-------------------------+-------+-------+-------++-------
 Cast: Magic Dart        |    90 |   164 |    31 ||   285
       Conjure Flame     |       |     2 |     3 ||     5
  Use: Scroll            |       |     7 |     6 ||    13
       Potion            |       |     1 |     1 ||     2
  Eat: Chunk             |     1 |     6 |       ||     7
       Ration            |       |     1 |       ||     1
Armor: Robe              |     2 |    15 |       ||    17
Dodge: Dodged            |    15 |    48 |     7 ||    70
